Khor, chaotic male elven Priest @ Khor the Priest Experience level: 10 Strength: 14 Dexterity: 15 Constitution: 15 Intelligence: 9 Wisdom: 20 Charisma: 9 Health: 0(61) Energy: 156(156) AC: -6 Gold: 253 Moves: 5476 Your Inventory: Coins $ - 253 gold pieces Weapons a - a blessed +1 mace (weapon in hand) Armor c - a blessed +0 small shield (being worn) l - an uncursed rotted +0 robe (being worn) m - an uncursed +0 pair of leather gloves (being worn) t - an uncursed +0 dwarvish mithril-coat (being worn) u - an uncursed +0 hard hat [dwarvish iron helm] (being worn) J - an uncursed +1 pair of hard shoes [iron] (being worn) Comestibles e - an uncursed clove of garlic f - 2 uncursed sprigs of wolfsbane h - 2 uncursed tripe rations o - 2 uncursed food rations Scrolls A - a cursed scroll labeled HZLRC KSTSBD MPFNG [of enchant weapon] Rings P - a cursed black onyx ring [of levitation] Z - a cursed ivory ring [of aggravate monster] Wands G - an uncursed wand of magic missile (0:0) K - an uncursed wand called nothing [bone of nothing (0:2)] V - an uncursed wand called teleportation [of teleportation (0:2)] Tools b - an uncursed bag [sack] i - an uncursed wooden flute k - an uncursed key [skeleton key] p - an uncursed [+0] pick-axe s - an uncursed stethoscope y - an uncursed magic marker [0:48] O - 8 uncursed [tallow] candles T - an uncursed towel Gems z - an uncursed gray stone [luckstone] Spells known in the end: Name Level Category Fail Memory a - clairvoyance 3 divination 100% [||||||..] b - detect food 2 divination 87% [||||||..] Your skills at the end: Fighting Skills shield [Basic / Expert] Weapon Skills mace [Expert / Expert] Spellcasting Skills clerical spells [Basic / Expert] Final Attributes: You were piously aligned. Hunger level was 286. Your alignment was 36 / 37. Monster difficulty range was 1 - 10. Level difficulty was 10. You were immune to sleep. You resisted poison. You saw invisible. You had infravision. You were swallowed by an energy vortex (0). You were lucky (3). You had extra luck. Bad luck did not time out for you. Good luck did not time out for you. You are dead. Vanquished creatures: a large mimic a long worm 3 wargs 2 small mimics a quantum mechanic a tengu an ochre jelly a carnivorous ape 2 watchmen a quivering blob 3 wolves an orc-captain a horse 2 black lights 3 gnome kings an orc mummy 4 brown puddings a lizard 3 chickatrices a dog 2 ravens 2 gnome mummies a rope golem 2 fire ants a wood nymph 2 water nymphs a rock mole 16 gnome lords 4 gnomish wizards a guardian naga hatchling an elf zombie a ghoul a baby crocodile 3 giant ants a little dog a floating eye a kitten 19 dwarves a rothe 4 dwarf zombies a wererat a werejackal an iguana a killer bee a gas spore 8 hobbits 10 manes 2 hobgoblins a cave spider a red mold 75 gnomes 5 garter snakes 4 geckos 8 jackals 3 foxes a kobold 2 goblins 3 sewer rats a grid bug 2 lichens 2 kobold zombies 232 creatures vanquished. Voluntary challenges: You used a wielded weapon 362 times. You read items or engraved 32 times. You put on armor 26 times. You never genocided any monsters. You never polymorphed an object. You never changed form. You used 1 wish. You did not wish for any artifacts. You wrote Elbereth's name 30 times. You never encountered a bones level. You never used any Sokoban shortcuts. Dungeon overview: The Dungeons of Doom: levels 1 to 3 Level 1 a long staircase Level 2 a general store stairs to The Gnomish Mines The Gnomish Mines: levels 3 to 10 Level 3 stairs to The Dungeons of Doom Level 6 some shops, a temple, a magic chest, some fountains Level 10 <- You were here History has recorded: On T:1 you entered the Dungeons of Doom to retrieve the Amulet of Yendor! On T:288 you reached level 2 of The Dungeons of Doom. On T:368 you reached level 3 of The Dungeons of Doom. On T:441 you reached level 1 of The Gnomish Mines. On T:507 you advanced to experience level 2. On T:604 you advanced to experience level 3. On T:661 you advanced to experience level 4. On T:783 you advanced to experience level 5. On T:997 you reached level 2 of The Gnomish Mines. On T:1130 you wished for "blessed fixed greased +3 athame". On T:1256 you advanced to experience level 6. On T:1286 you reached level 3 of The Gnomish Mines. On T:1772 you advanced to experience level 7. On T:1806 you reached level 4 of The Gnomish Mines. On T:2145 you reached level 5 of The Gnomish Mines. On T:2226 you reached level 7 of The Gnomish Mines. On T:2241 you reached level 6 of The Gnomish Mines. On T:2400 you advanced to experience level 8. On T:3407 you advanced to experience level 9. On T:4296 you reached level 8 of The Gnomish Mines. On T:5208 you advanced to experience level 10. Latest messages: "To enter the castle, thou must play the right tune!" [3 turns] You feel an absence of magical power. The magical dart draws the life from the energy vortex! The air around you crackles with electricity. The thirsty dart draws the life from the energy vortex! The air around you crackles with electricity. (2x) The thirsty dart draws the life from the energy vortex! The air around you crackles with electricity. The athame hits the energy vortex. The air around you crackles with electricity. You die... The sack is empty. Final status: Goodbye Khor the Priest... You died in The Gnomish Mines on dungeon level 10 with 2834 points, and 253 pieces of gold, after 5476 moves. You were level 10 with a maximum of 61 hit points when you died.